3AA
ATHLETIC CLUB KC ACADEMY @ AKRON BLIMPS
07/17/2038
 
TOP OF THE 1ST
Athletic Club KC Academy batting - Pitching for Akron Blimps : LHP Anthony Hood
Pitching: LHP Anthony Hood
Batting: RHB Gabriel Martínez 0-0: Ground out 6-3 (Groundball, 56, EV 86.2 MPH)
Batting: RHB Donald Guegan 0-0: Called Strike
0-1: Ball
1-1: Foul Ball, location: 2F
1-2: Foul Ball, location: 2F
1-2: Ball
2-2: Ball
3-2: Strikes out looking
Batting: RHB Ali Ben Bongo 0-0: Foul Ball, location: 2F
0-1: Swinging Strike
0-2: Ball
1-2: Ball
2-2: Ball
3-2: Ground out U3 (Groundball, 3, EV 107.5 MPH)
Top of the 1st over - 0 runs, 0 hits, 0 errors, 0 left on base; Athletic Club KC Academy 0 - Akron 0
BOTTOM OF THE 1ST
Akron Blimps batting - Pitching for Athletic Club KC Academy : RHP Billy Fitzgerald Jr.
Pitching: RHP Billy Fitzgerald Jr.
Batting: RHB Ernest Franks 0-0: Foul Ball, location: 2F
0-1: Swinging Strike
0-2: Ball
1-2: Ground out 6-3 (Groundball, 6, EV 78.1 MPH)
Batting: LHB León Castillo 0-0: Called Strike
0-1: Ball
1-1: Swinging Strike
1-2: Strikes out swinging
Batting: RHB Mathew Mayo 0-0: Foul Ball, location: 2F
0-1: DOUBLE (Line Drive, 5D, EV 95.6 MPH)
Batting: SHB Jhett Larson 0-0: Ball
1-0: Fly out, F9 (Line Drive, 9D, EV 96.9 MPH)
Bottom of the 1st over - 0 runs, 1 hit, 0 errors, 1 left on base; Athletic Club KC Academy 0 - Akron 0
TOP OF THE 2ND
Athletic Club KC Academy batting - Pitching for Akron Blimps : LHP Anthony Hood
Batting: RHB Woody Thomas 0-0: Called Strike
0-1: Foul Ball, location: 2F
0-2: Ball
1-2: Foul Ball, location: 2F
1-2: Fly out, F7 (Flyball, 78D, EV 80.0 MPH)
Batting: RHB Rodrigo Sousa 0-0: Fly out, F9 (Flyball, 9D, EV 103.8 MPH)
Batting: LHB León Guillén 0-0: Ball
1-0: Foul Ball, location: 2F
1-1: Ground out 5-3 (Groundball, 56, EV 105.6 MPH)
Top of the 2nd over - 0 runs, 0 hits, 0 errors, 0 left on base; Athletic Club KC Academy 0 - Akron 0
BOTTOM OF THE 2ND
Akron Blimps batting - Pitching for Athletic Club KC Academy : RHP Billy Fitzgerald Jr.
Batting: LHB Donald Lund 0-0: Reached on error, E3 (Groundball, 34, EV 97.5 MPH)
Batting: RHB Ruby Rhod 0-0: Called Strike
0-1: Called Strike
0-2: SINGLE (Line Drive, 8RS, EV 90.0 MPH)
Donald Lund to second
Batting: RHB Yu-bao Wie 0-0: Ball
1-0: 3-RUN HOME RUN (Flyball, 7D, EV 95.6 MPH), Distance : 350 ft
Batting: RHB José Álvarez 0-0: Called Strike
0-1: Ball
1-1: SINGLE (Groundball, 6MD, EV 101.9 MPH)
Batting: RHB Roberto Ramos 0-0: Ball
1-0: Called Strike
1-1: Fly out, F7 (Flyball, 78S, EV 90.0 MPH)
Batting: RHB Ernest Franks 0-0: Called Strike
0-1: Ball
1-1: Foul Ball, location: 2F
1-2: Foul Ball, location: 2F
1-2: Foul Ball, location: 2F
1-2: Ball
2-2: SINGLE (Groundball, 6D, EV 95.6 MPH)
José Álvarez to second
Batting: LHB León Castillo 0-0: Ball
1-0: Ball
2-0: Called Strike
2-1: Swinging Strike
2-2: Foul Ball, location: 2F
2-2: Ball
3-2: Fly out, F9 (Flyball, 9LS, EV 89.4 MPH)
Batting: RHB Mathew Mayo 0-0: Ball
1-0: Foul Ball, location: 2F
1-1: Ball
2-1: SINGLE (Groundball, 6MD, EV 95.6 MPH)
José Álvarez to third
Ernest Franks to second
Runner from 3rd tries for Home, throw by CF and OUT! 8-2
Bottom of the 2nd over - 3 runs, 5 hits, 1 error, 2 left on base; Athletic Club KC Academy 0 - Akron 3
TOP OF THE 3RD
Athletic Club KC Academy batting - Pitching for Akron Blimps : LHP Anthony Hood
Batting: RHB Kalikiano Keiki 0-0: Called Strike
0-1: Ball
1-1: Ground out 6-3 (Groundball, 6, EV 79.4 MPH)
Batting: LHB Oriol Fernández 0-0: Ball
1-0: Called Strike
1-1: Called Strike
1-2: Ball
2-2: Strikes out swinging
Batting: RHB Jorge Ávila 0-0: Called Strike
0-1: Foul Ball, location: 2F
0-2: Ball
1-2: SINGLE (Groundball, 4MD, EV 109.4 MPH)
Batting: RHB Gabriel Martínez 0-0: Ball
1-0: Ball
2-0: Called Strike
2-1: Foul Ball, location: 2F
2-2: Ball
3-2: Strikes out swinging
Top of the 3rd over - 0 runs, 1 hit, 0 errors, 1 left on base; Athletic Club KC Academy 0 - Akron 3
BOTTOM OF THE 3RD
Akron Blimps batting - Pitching for Athletic Club KC Academy : RHP Billy Fitzgerald Jr.
Batting: SHB Jhett Larson 0-0: SINGLE (Groundball, 5S, EV 65.6 MPH) (infield hit)
Batting: LHB Donald Lund 0-0: SINGLE (Groundball, 34D, EV 103.1 MPH)
Jhett Larson to second
Runner from 2nd tries for 3rd, SAFE, throw by RF made to third
Batting: RHB Ruby Rhod 0-0: Foul Ball, location: 2F
0-1: Fly out, F9 (Flyball, 89S, EV 83.1 MPH)
Batting: RHB Yu-bao Wie 0-0: Foul Ball, location: 2F
0-1: Ball
1-1: Called Strike
1-2: Strikes out swinging
Batting: RHB José Álvarez 0-0: Swinging Strike
0-1: Foul Ball, location: 2F
0-2: Strikes out swinging
Bottom of the 3rd over - 0 runs, 2 hits, 0 errors, 2 left on base; Athletic Club KC Academy 0 - Akron 3
TOP OF THE 4TH
Athletic Club KC Academy batting - Pitching for Akron Blimps : LHP Anthony Hood
Batting: RHB Donald Guegan 0-0: Foul Ball, location: 2F
0-1: Ball
1-1: SINGLE (Line Drive, 56D, EV 100.6 MPH)
Batting: RHB Ali Ben Bongo 0-0: Foul Ball, location: 2F
0-1: Called Strike
0-2: Ball
1-2: Ball
2-2: Ball
3-2: Foul Ball, location: 2F
3-2: SINGLE (Line Drive, 34D, EV 103.1 MPH)
Donald Guegan to second
Batting: RHB Woody Thomas 0-0: Ball
1-0: Ball
2-0: Ball
3-0: Called Strike
3-1: Foul Ball, location: 2F
3-2: Base on Balls
Donald Guegan to third
Ali Ben Bongo to second
Batting: RHB Rodrigo Sousa 0-0: Ball
1-0: Fly out, F9 (Flyball, 9S, EV 92.5 MPH)
Batting: LHB León Guillén 0-0: Grounds into double play, 6-4-3 (Groundball, 6, EV 96.9 MPH)
Top of the 4th over - 0 runs, 2 hits, 0 errors, 2 left on base; Athletic Club KC Academy 0 - Akron 3
BOTTOM OF THE 4TH
Akron Blimps batting - Pitching for Athletic Club KC Academy : RHP Billy Fitzgerald Jr.
Batting: RHB Roberto Ramos 0-0: Swinging Strike
0-1: Foul Ball, location: 2F
0-2: Ball
1-2: Ball
2-2: Ground out 4-3 (Groundball, 4S, EV 68.8 MPH)
Batting: RHB Ernest Franks 0-0: Ground out 6-3 (Groundball, 6, EV 105.0 MPH)
Batting: LHB León Castillo 0-0: Called Strike
0-1: Foul Ball, location: 2F
0-2: Fly out, F9 (Flyball, 9S, EV 93.8 MPH)
Bottom of the 4th over - 0 runs, 0 hits, 0 errors, 0 left on base; Athletic Club KC Academy 0 - Akron 3
TOP OF THE 5TH
Athletic Club KC Academy batting - Pitching for Akron Blimps : LHP Anthony Hood
Batting: RHB Kalikiano Keiki 0-0: Called Strike
0-1: Ball
1-1: Foul Ball, location: 2F
1-2: Foul Ball, location: 2F
1-2: Strikes out swinging
Batting: LHB Oriol Fernández 0-0: Called Strike
0-1: Ball
1-1: Foul Ball, location: 2F
1-2: Foul Ball, location: 2F
1-2: Strikes out looking
Batting: RHB Jorge Ávila 0-0: Ball
1-0: Ball
2-0: Called Strike
2-1: Foul Ball, location: 2F
2-2: Strikes out swinging
Top of the 5th over - 0 runs, 0 hits, 0 errors, 0 left on base; Athletic Club KC Academy 0 - Akron 3
BOTTOM OF THE 5TH
Akron Blimps batting - Pitching for Athletic Club KC Academy : RHP Billy Fitzgerald Jr.
Batting: RHB Mathew Mayo 0-0: Ball
1-0: TRIPLE (Flyball, 89XD, EV 92.5 MPH)
Batting: SHB Jhett Larson 0-0: Fly out, F7 (Flyball, 7LM, EV 93.1 MPH)
Runner from 3rd tags up, SCORES, throw by LF
Batting: LHB Donald Lund 0-0: Ball
1-0: Foul Ball, location: 2F
1-1: Ball
2-1: Ball
3-1: Called Strike
3-2: Base on Balls
Batting: RHB Ruby Rhod 0-0: Swinging Strike
0-1: Grounds into double play, 5-4-3 (Groundball, 56, EV 80.6 MPH)
Bottom of the 5th over - 1 run, 1 hit, 0 errors, 0 left on base; Athletic Club KC Academy 0 - Akron 4
TOP OF THE 6TH
Athletic Club KC Academy batting - Pitching for Akron Blimps : LHP Anthony Hood
Batting: RHB Gabriel Martínez 0-0: Called Strike
0-1: Foul Ball, location: 2F
0-2: Ball
1-2: Ground out 5-3 (Groundball, 56S, EV 63.8 MPH)
Batting: RHB Donald Guegan 0-0: Swinging Strike
0-1: Ball
1-1: Fly out, F8 (Flyball, 8LS, EV 86.2 MPH)
Batting: RHB Ali Ben Bongo 0-0: Called Strike
0-1: Foul Ball, location: 2F
0-2: SINGLE (Flyball, 89M, EV 92.5 MPH)
Batting: RHB Woody Thomas 0-0: Foul Ball, location: 2F
0-1: Ball
1-1: Ball
2-1: Foul Ball, location: 2F
2-2: Ball
3-2: Base on Balls
Ali Ben Bongo to second
Batting: RHB Rodrigo Sousa 0-0: Ball
1-0: Ball
2-0: Fly out, F8 (Flyball, 8RD, EV 87.5 MPH)
Top of the 6th over - 0 runs, 1 hit, 0 errors, 2 left on base; Athletic Club KC Academy 0 - Akron 4
BOTTOM OF THE 6TH
Akron Blimps batting - Pitching for Athletic Club KC Academy : RHP Billy Fitzgerald Jr.
Batting: RHB Yu-bao Wie 0-0: Ball
1-0: Ball
2-0: Called Strike
2-1: Swinging Strike
2-2: Ball
3-2: Strikes out looking
Batting: RHB José Álvarez 0-0: Ball
1-0: Ball
2-0: Ball
3-0: Called Strike
3-1: Called Strike
3-2: Fly out, F4 (Popup, 4, EV 75.6 MPH)
Batting: RHB Roberto Ramos 0-0: Called Strike
0-1: Foul Ball, location: 2F
0-2: DOUBLE (Line Drive, 89D, EV 106.2 MPH)
Batting: RHB Ernest Franks 0-0: SINGLE (Line Drive, 9S, EV 102.5 MPH)
Roberto Ramos to third
Runner from 3rd tries for Home, SAFE, throw by RF to home
Batting: LHB León Castillo 0-0: Called Strike
0-1: Ground out 1-3 (Groundball, 15, EV 81.9 MPH)
Bottom of the 6th over - 1 run, 2 hits, 0 errors, 1 left on base; Athletic Club KC Academy 0 - Akron 5
TOP OF THE 7TH
Athletic Club KC Academy batting - Pitching for Akron Blimps : LHP Anthony Hood
Batting: LHB León Guillén 0-0: Called Strike
0-1: Ball
1-1: Foul Ball, location: 2F
1-2: Ball
2-2: Foul Ball, location: 2F
2-2: Ball
3-2: Base on Balls
Batting: RHB Kalikiano Keiki 0-0: Called Strike
0-1: Ball
1-1: Called Strike
1-2: Foul Ball, location: 2F
1-2: SINGLE (Groundball, 23, EV 65.6 MPH) (infield hit)
León Guillén to second
Pitching: RHP Rod Shannon
Batting: LHB Oriol Fernández 0-0: Ball
1-0: Ball
2-0: 3-RUN HOME RUN (Flyball, 9LD, EV 101.9 MPH), Distance : 332 ft
Batting: RHB Jorge Ávila 0-0: Ball
1-0: Ball
2-0: Ball
3-0: Called Strike
3-1: Foul Ball, location: 2F
3-2: Base on Balls
Batting: RHB Gabriel Martínez 0-0: Foul Ball, location: 2F
0-1: Foul Ball, location: 2F
0-2: Fly out, F8 (Flyball, 8LD, EV 98.8 MPH)
Batting: RHB Donald Guegan 0-0: Called Strike
0-1: Fly out, F9 (Flyball, 9LM, EV 100.0 MPH)
Batting: RHB Ali Ben Bongo 0-0: Foul Ball, location: 2F
0-1: Foul Ball, location: 2F
0-2: SINGLE (Flyball, 56D, EV 99.4 MPH)
Jorge Ávila to second
Batting: RHB Woody Thomas 0-0: Foul Ball, location: 2F
0-1: Foul Ball, location: 2F
0-2: Foul Ball, location: 2F
0-2: Strikes out swinging
Top of the 7th over - 3 runs, 3 hits, 0 errors, 2 left on base; Athletic Club KC Academy 3 - Akron 5
BOTTOM OF THE 7TH
Akron Blimps batting - Pitching for Athletic Club KC Academy : RHP Billy Fitzgerald Jr.
Pitching: RHP Clancy Daly
Batting: RHB Mathew Mayo 0-0: Called Strike
0-1: Ball
1-1: Foul Ball, location: 2F
1-2: Strikes out looking
Batting: SHB Jhett Larson 0-0: Ball
1-0: Called Strike
1-1: Ball
2-1: Called Strike
2-2: Foul Ball, location: 2F
2-2: Fly out, F8 (Flyball, 78M, EV 76.2 MPH)
Batting: LHB Donald Lund 0-0: Called Strike
0-1: Ball
1-1: Foul Ball, location: 2F
1-2: Ball
2-2: Foul Ball, location: 2F
2-2: SINGLE (Groundball, 4MD, EV 101.9 MPH)
Batting: RHB Ruby Rhod 0-0: Called Strike
0-1: Ball
1-1: Foul Ball, location: 2F
1-2: Foul Ball, location: 2F
1-2: DOUBLE (Line Drive, 8RXD, EV 107.5 MPH)
Donald Lund to third
Batting: RHB Yu-bao Wie 0-0: Foul Ball, location: 2F
0-1: SINGLE (Groundball, 34D, EV 105.0 MPH)
Donald Lund scores
Ruby Rhod to third
Runner from 3rd tries for Home, SAFE, no throw by RF
Batting: RHB José Álvarez 0-0: Ball
1-0: Ground out 3-1 (Groundball, 34S, EV 87.5 MPH)
Bottom of the 7th over - 2 runs, 3 hits, 0 errors, 1 left on base; Athletic Club KC Academy 3 - Akron 7
TOP OF THE 8TH
Athletic Club KC Academy batting - Pitching for Akron Blimps : RHP Rod Shannon
Batting: RHB Rodrigo Sousa 0-0: Foul Ball, location: 2F
0-1: Foul Ball, location: 2F
0-2: Ground out 3-1 (Groundball, 34, EV 90.6 MPH)
Batting: LHB León Guillén 0-0: Called Strike
0-1: Ball
1-1: Ball
2-1: Called Strike
2-2: Fly out, F7 (Flyball, 78D, EV 75.6 MPH)
Batting: RHB Kalikiano Keiki 0-0: Ball
1-0: Ground out 1-3 (Groundball, 25, EV 86.9 MPH)
Top of the 8th over - 0 runs, 0 hits, 0 errors, 0 left on base; Athletic Club KC Academy 3 - Akron 7
BOTTOM OF THE 8TH
Akron Blimps batting - Pitching for Athletic Club KC Academy : RHP Clancy Daly
Batting: RHB Roberto Ramos 0-0: Foul Ball, location: 2F
0-1: Foul Ball, location: 2F
0-2: Ball
1-2: Strikes out swinging
Batting: RHB Ernest Franks 0-0: Ball
1-0: Foul Ball, location: 2F
1-1: Fly out, F8 (Flyball, 78D, EV 100.6 MPH)
Batting: LHB León Castillo 0-0: Called Strike
0-1: Foul Ball, location: 2F
0-2: Ball
1-2: Strikes out swinging
Bottom of the 8th over - 0 runs, 0 hits, 0 errors, 0 left on base; Athletic Club KC Academy 3 - Akron 7
TOP OF THE 9TH
Athletic Club KC Academy batting - Pitching for Akron Blimps : RHP Rod Shannon
Batting: LHB Oriol Fernández 0-0: Fly out, F7 (Flyball, 7S, EV 88.8 MPH)
Batting: RHB Jorge Ávila 0-0: Called Strike
0-1: Swinging Strike
0-2: Ball
1-2: Ball
2-2: Strikes out swinging
Batting: RHB Gabriel Martínez 0-0: Ball
1-0: Called Strike
1-1: Foul Ball, location: 2F
1-2: Foul Ball, location: 2F
1-2: Hit by Pitch
Batting: RHB Donald Guegan 0-0: Fly out, F7 (Line Drive, 7D, EV 90.0 MPH)
Top of the 9th over - 0 runs, 0 hits, 0 errors, 1 left on base; Athletic Club KC Academy 3 - Akron 7
Friday, April 17th, 2020 - OOTP Baseball 20.8 Build 74